 Dungeon Crawl Stone Soup version 0.27-a0-1325-g58a489ad9e (webtiles) character file.

Game seed: 9618388585357078634

2618 HESUNTHESUNT the Cleaver (level 9, -3/73 (82) HPs)
             Began as a Naga Fighter on June 24, 2021.
             Was a Follower of Cheibriados.
             Slain by a wight (8 damage)
             ... on level 6 of the Dungeon.
             The game lasted 00:18:16 (8877 turns).

HESUNTHESUNT the Cleaver (Naga Fighter)             Turns: 8877, Time: 00:18:17

HP:   -3/73 (82)    AC:  9    Str: 24    XL:     9   Next: 60%
MP:   6/9           EV:  7    Int: 14    God:    Cheibriados [*.....]
Gold: 343           SH: 15    Dex: 14    Spells: 8/8 levels left

rFire    . . .     SeeInvis +   a - +0 war axe (vorpal)
rCold    + . .     Faith    .   c - +1 kite shield
rNeg     . . .     Spirit   .   v - +2 leather armour {rC+}
rPois    +         Reflect  .   (helmet restricted)
rElec    .         Harm     .   t - +0 cloak
rCorr    .         Rampage  .   u - +0 pair of gloves
Will     +....                  (no barding)
Stlth    +.........             (no amulet)
HPRegen  0.22/turn              (no ring)
MPRegen  0.11/turn              (no ring)

@: very slightly contaminated, heavily drained, very slow
A: AC +3, large, see invisible, deformed body, poison resistance, slowness 2,
spit poison 1, naga tail 1, antennae 1, large bone plates 1, clever 1, sense
surroundings 1
a: Spit Poison, Renounce Religion, Bend Time


You were on level 6 of the Dungeon.
You worshipped Cheibriados.
Cheibriados was aware of your devotion.
You visited 2 branches of the dungeon, and saw 7 of its levels.

You collected 343 gold pieces.

Inventory:

Hand Weapons
 a - a +0 vorpal war axe (weapon)
Armour
 c - a +1 kite shield (worn)
 t - a +0 cloak (worn)
 u - a +0 pair of gloves (worn)
 v - a +2 leather armour of cold resistance (worn)
Jewellery
 p - an amulet of regeneration
Wands
 b - a wand of digging (1)
 d - a wand of mindburst (6)
 s - a wand of paralysis (12)
Scrolls
 f - a scroll of torment {unknown}
 g - 3 scrolls of identify
 h - 5 scrolls of teleportation
 i - a scroll of fog
 j - a scroll of holy word {unknown}
 m - 2 scrolls of enchant armour
 o - a scroll of magic mapping {unknown}
 w - a scroll of amnesia {unknown}
 x - a scroll of blinking {unknown}
Potions
 e - a potion of haste
 l - a potion of ambrosia
 q - a potion of degeneration {unknown}
 r - a potion of flight {unknown}


   Skills:
 * Level 6.0 Fighting
 * Level 8.5 Axes
 + Level 5.2 Armour
 + Level 5.5 Shields
 + Level 1.2 Invocations


You had 8 spell levels left.
You didn't know any spells.
Your spell library contained the following spells:

 Spells                   Type           Power      Damage    Failure   Level
 Animate Skeleton         Necr           0%         N/A       56%         1
 Apportation              Tloc           0%         N/A       56%         1
 Corona                   Hex            0%         N/A       56%         1
 Summon Small Mammal      Summ           0%         N/A       56%         1


Dungeon Overview and Level Annotations

Branches:
Dungeon (6/15)             Temple (1/1) D:6

Altars:
Cheibriados
Elyvilon
Fedhas
Gozag
Hepliaklqana
Kikubaaqudgha
Makhleb
Nemelex Xobeh
Okawaru
Qazlal
Ru
Trog
Vehumet
Wu Jian
Xom
Yredelemnul
Zin
The Shining One

Shops:
D:1 :

Annotations:
D:3 1 runed translucent door, Crazy Yiuf


Innate Abilities, Weirdness & Mutations

Your serpentine skin is tough. (AC +3)
You have supernaturally acute eyesight. (SInv)
Armour fits poorly on your strangely shaped body.
Your system is resistant to poisons. (rPois)
You cover ground very slowly.
You can spit poison.
You have a snake-like lower body.
You have a pair of small antennae on your head.
You are partially covered in large bone plates. (SH +4)
Your mind is acute. (Int +2)
You passively map a small area around you.


Message History

You block the wight's attack.
The wight hits you with a +3 short sword of freezing.
* * * LOW HITPOINT WARNING * * *
You feel drained.
* * * LOW HITPOINT WARNING * * *
You hit the wight.
You destroy the wight!
Cheibriados appreciates the change of pace.
The necrophage is no longer moving slowly.
The wight hits you from afar with a +3 halberd!
* * * LOW HITPOINT WARNING * * *
The wight hits you from afar with a +3 halberd.
* * * LOW HITPOINT WARNING * * *
Your Fighting skill increases to level 6!
As you read the scroll of fear, it crumbles to dust.
You assume a fearsome visage.
The necrophage is unaffected.
The wight is unaffected.
You block the necrophage's attack. The wight barely misses you.
You fade into invisibility!
You block the necrophage's attack. You block the wight's attack.
You are very lightly contaminated with residual magic.
The necrophage barely misses you. The flow of time bends around you.
Cheibriados rebukes the necrophage.
The necrophage seems to slow down.
You block the necrophage's attack. You block the necrophage's attack.
You block the wight's attack.
You flicker for a moment.
You block the necrophage's attack.
The necrophage is no longer moving slowly.
You block the necrophage's attack.
You flicker back into view.
The wight hits you from afar with a +3 halberd.
* * * LOW HITPOINT WARNING * * *
You feel drained.
* * * LOW HITPOINT WARNING * * *
The necrophage hits you.
* * * LOW HITPOINT WARNING * * *
You feel drained.
The wight hits you from afar with a +3 halberd!
You die...

######## #............# .......#
###.....###### .#####.# ####.## #
.[..##.# #...# ########## .##.##.#
#...# #......... .##.##.# #...#
#.##.##.## .......### #.z.#
##.##.##.#. .........## #n..#
#...)......
..........######@..####....>....#
.##..<[..................##.#....
..##))รท.........................#
..##.....#...............#......#
........>#######...####..[.......
.........# #...# ##.##..#...
#.##.....# #...# #.....#...
#........# #...# ####.#####
####.....# ####...# ######.# ###


You could see a necrophage and a wight.

Vanquished Creatures
  Pikel (D:3)
  Grinder (D:5)
  Sigmund (D:4)
  Menkaure (D:4)
  An ice beast (D:5)
  2 black bears
  2 ogres
  A necrophage (D:5)
  A centaur (D:6)
  Blork the orc (D:4)
  A bullfrog (D:6)
  2 scorpions
  A water moccasin zombie (D:5)
  4 wights (D:6)
  2 howler monkeys
  A centaur zombie (D:6)
  A jelly (D:6)
  3 orc priests
  4 hounds
  Ijyb (D:4)
  An orc wizard (D:5)
  A hound skeleton (D:5)
  A howler monkey zombie (D:5)
  2 adders (D:5)
  4 gnolls (D:6)
  An ufetubus (D:6)
  3 adder skeletons (D:4)
  2 worms
  2 dart slugs
  20 orcs
  5 ball pythons
  7 endoplasms
  2 giant cockroaches
  2 goblins
  9 hobgoblins
  5 jackals
  3 kobolds
  A quokka (D:2)
  7 bats
  5 frilled lizards
  A rat (D:2)
116 creatures vanquished.

Vanquished Creatures (others)
  4 fungi (D:3)
  4 toadstools (D:1)
8 creatures vanquished.

Grand Total: 124 creatures vanquished

Notes
Turn   | Place    | Note
-------+----------+-------------------------------------------
     0 | D:1      | HESUNTHESUNT the Naga Fighter began the quest for the Orb.
     0 | D:1      | Reached XP level 1. HP: 21/21 MP: 1/1
     1 | D:1      | Found Buyz's Book Emporium.
   344 | D:1      | Found a faded altar of an unknown god.
   521 | D:1      | Reached XP level 2. HP: 28/28 MP: 2/2
  1169 | D:2      | Reached XP level 3. HP: 31/34 MP: 3/3
  2027 | D:3      | You fall into a shaft and drop 1 floor!
  2397 | D:3      | You fall into a shaft and drop 1 floor!
  2611 | D:3      | Reached XP level 4. HP: 11/42 MP: 4/4
  2974 | D:3      | Found a runed translucent door.
  2975 | D:3      | Noticed Crazy Yiuf
  3120 | D:4      | Noticed Blork the orc
  3422 | D:4      | Noticed Sigmund
  3427 | D:4      | Gained mutation: You have a pair of small antennae on your
                  | head. [potion of mutation]
  3427 | D:4      | Gained mutation: Your body sometimes deteriorates upon
                  | taking damage. [potion of mutation]
  3427 | D:4      | Gained mutation: You are somewhat resistant to further
                  | mutation. [potion of mutation]
  3439 | D:4      | Killed Sigmund
  3440 | D:4      | Reached skill level 3 in Axes
  3440 | D:4      | Reached XP level 5. HP: 40/49 MP: 5/5
  3440 | D:4      | Reached XP level 6. HP: 45/56 MP: 6/6
  3523 | D:4      | Noticed Pikel
  3530 | D:4      | Noticed Menkaure
  3569 | D:3      | HP: 3/84 [Pikel (6)]
  3569 | D:3      | HP: 1/84 [Pikel (2)]
  3572 | D:3      | Killed Pikel
  3573 | D:3      | Reached skill level 5 in Axes
  3573 | D:3      | Reached XP level 7. HP: 2/64 MP: 7/7
  4248 | D:3      | Lost mutation: You are somewhat resistant to further
                  | mutation. [potion of mutation]
  4248 | D:3      | Lost mutation: Your body sometimes deteriorates upon taking
                  | damage. [potion of mutation]
  4248 | D:3      | Gained mutation: You are partially covered in large bone
                  | plates. (SH +4) [potion of mutation]
  4248 | D:3      | Gained mutation: You passively map a small area around you.
                  | [potion of mutation]
  4248 | D:3      | Gained mutation: Your mind is acute. (Int +2) [potion of
                  | mutation]
  4432 | D:4      | Killed Menkaure
  4433 | D:4      | Reached skill level 6 in Axes
  4433 | D:4      | Reached XP level 8. HP: 42/73 MP: 8/8
  4790 | D:4      | HP: 1/73 [Blork the orc/magic dart (4)]
  4791 | D:4      | Killed Blork the orc
  5186 | D:4      | Found a glowing golden altar of the Shining One.
  5186 | D:4      | Found a shimmering altar of Xom.
  5273 | D:4      | Noticed Ijyb
  5283 | D:4      | Killed Ijyb
  5836 | D:5      | Entered Level 5 of the Dungeon
  6128 | D:6      | Found a bloodstained altar of Trog.
  6184 | D:6      | Found a staircase to the Ecumenical Temple.
  6190 | Temple   | Entered the Ecumenical Temple
  6239 | Temple   | Became a worshipper of Cheibriados the Contemplative
  6312 | D:6      | Reached skill level 5 in Fighting
  6354 | D:6      | Reached skill level 7 in Axes
  6712 | D:5      | Reached skill level 5 in Armour
  6712 | D:5      | Reached XP level 9. HP: 75/81 MP: 9/9
  6956 | D:6      | Reached * piety under Cheibriados
  7724 | D:6      | Reached skill level 5 in Shields
  7905 | D:5      | Reached skill level 8 in Axes
  8211 | D:5      | Noticed Grinder
  8222 | D:5      | Paralysed by Grinder for 7 turns
  8229 | D:5      | Killed Grinder
  8720 | D:6      | Reached skill level 1 in Invocations
  8863 | D:6      | HP: 3/75 [wight (4)]
  8877 | D:6      | Slain by a wight

Illustrated notes

Levels and vault maps discovered:
D:1:      ldierk_walled_garden_2, layout_rooms,
          chequers_ecumenical_altar_island, serial_shops,
          nicolae_shop_temple_entry_statues_fountains
D:2:      layout_basic, grunt_ministairs_4, st_stairs_10, minmay_circle_x
D:3:      layout_basic, uniq_crazy_yiuf_cottage
D:4:      layout_basic, gammafunk_temple_overflow_pools, uniq_sigmund,
          uniq_ijyb, uniq_blork_the_orc, uniq_menkaure, uniq_pikel
D:5:      layout_loops_ring, minmay_misc_feat_more_columns, uniq_grinder
D:6:      layout_loops_cross, ashenzari_altar_1, overflow_temple_1_default,
          minmay_temple_entry_enclosed_plants, grunt_ministairs_9
Temple:   eino_wide_crystal_templ

Skill      XL: |  1  2  3  4  5  6  7  8  9 |
---------------+----------------------------+-----
Armour         | 3 4 5 |  5.2
Axes           | 3 5 6 7 8 |  8.5
Shields        | 3 4 5 |  5.5
Fighting       | 4 5 6 |  6.0
Invocations    | 1 |  1.2

Action                   |  1- 3 |  4- 6 |  7- 9 || total
-------------------------+-------+-------+-------++-------
Melee: War axe           |   125 |    43 |   254 ||   422
Invok: Bend Time         |       |       |     2 ||     2
 Abil: Spit Poison       |       |     1 |     3 ||     4
  Use: Potion            |       |     8 |     3 ||    11
       Scroll            |       |     1 |     9 ||    10
 Stab: Invisible         |       |     2 |       ||     2
Armor: Scale mail        |    58 |     2 |       ||    60
       Skin              |       |    11 |     2 ||    13
       Leather armour    |       |       |    89 ||    89
Dodge: Dodged            |    32 |    14 |    63 ||   109
Block: Kite shield       |    83 |    23 |   259 ||   365

Table legend: (Time is in decaauts)
 A = Elapsed time spent in this place.
 B = Non-inter-level travel time spent in this place.
 C = Inter-level travel time spent in this place.
 D = Time resting spent in this place.
 E = Time spent auto-exploring this place.
 F = Levels seen in this place.
 G = Mean time per level.
                   A        B        C        D        E       F      G
               +--------+--------+--------+--------+--------+-----+--------+
         Total |  11299 |  10380 |    919 |   2448 |   6228 |   7 | 1614.1 |
       Dungeon |  11207 |  10310 |    897 |   2448 |   6166 |   6 | 1867.8 |
        Temple |     92 |     70 |     22 |      0 |     61 |   1 |   92.0 |
               +--------+--------+--------+--------+--------+-----+--------+

Top non-repeatable levels by time:
     D:4: 2759 daAuts
     D:3: 2334 daAuts
     D:6: 2216 daAuts
     D:5: 1579 daAuts
     D:2: 1386 daAuts
     D:1: 931 daAuts
  Temple: 92 daAuts
